 Dungeon Crawl Stone Soup version 0.29.1-1-gd02db6906a (webtiles) character file.

Game seed: 13863910368572515947

16790 hawla the Zephyrmancer (level 13, -11/94 HPs)
             Began as a Meteoran Air Elementalist on Oct 11, 2022.
             Was an Elder of Vehumet.
             Mangled by a reaper
             ... wielding a +2 scythe of freezing
              (31 damage)
             ... in a Gauntlet on Oct 12, 2022.
             The game lasted 00:40:06 (6743 turns).

hawla the Zephyrmancer (Meteoran Air Elementalist)  Turns: 6743, Time: 00:40:07

Health: -11/94     AC:  9    Str: 11    XL:     13   Next: 8%
Magic:  31/40      EV: 11    Int: 21    God:    Vehumet [****..]
Gold:   500        SH:  0    Dex: 15    Spells: 18/39 levels left

rFire   . . .      SeeInvis +   e - +3 long sword (elec)
rCold   . . .      Faith    .   o - +0 buckler
rNeg    . . .      Spirit   .   b - +0 steam dragon scales
rPois   .          Reflect  .   h - +0 helmet
rElec   .          Harm     .   j - +0 cloak
rCorr   .          Rampage  .   (no gloves)
Will    +....      NoTele   +   d - +0 pair of boots
Stlth   +.........              (no amulet)
HPRegen 0.25/turn               v - ring of magical power
MPRegen 0.27/turn               n - +4 ring of evasion

@: held, glowing
A: sense surroundings 2, otherworldly, glowing, explore regen, see invisible,
shaggy fur 1
a: Renounce Religion


You were in a Gauntlet.
You worshipped Vehumet.
Vehumet was greatly pleased with you.
You visited 2 branches of the dungeon, and saw 13 of its levels.
You also visited: Gauntlet.

You collected 500 gold pieces.

Inventory:

Hand Weapons
 e - a +3 long sword of electrocution (weapon)
 f - a +1 short sword of venom
 x - a +4 scimitar of flaming
Armour
 b - +0 steam dragon scales (worn)
 d - a +0 pair of boots (worn)
 h - a +0 helmet (worn)
 j - a +0 cloak (worn)
 o - a +0 buckler (worn)
Magical Staves
 u - a staff of conjuration
 y - a staff of death
Jewellery
 k - a +4 ring of slaying
 n - a +4 ring of evasion (right hand)
 v - a ring of magical power (left hand)
 w - the ring "Gaplymuv" {Ice +Blink Will+ Dex+3 Stlth-}
   (You found it on level 11 of the Dungeon)

   [ring of ice]

   It enhances your ice magic.
   Dex:       It affects your dexterity (+3).
   rF:        It makes you vulnerable to fire.
   rC:        It protects you from cold.
   +Blink:    It lets you blink.
   Will:      It increases your willpower.
   Stlth:     It makes you less stealthy.
Wands
 c - a wand of roots (2)
 g - a wand of acid (7) (quivered)
Scrolls
 a - a scroll of identify
 i - 2 scrolls of butterflies
Potions
 m - a potion of curing
 p - a potion of cancellation
 q - a potion of haste
 s - 3 potions of brilliance


   Skills:
 + Level 3.0 Fighting
 + Level 1.1 Short Blades
 + Level 5.7 Dodging
 - Level 1.4 Stealth
 + Level 0.3 Shields
 - Level 13.8 Spellcasting
 + Level 10.3 Conjurations
 + Level 2.0 Necromancy
 + Level 14.3 Air Magic
 + Level 5.0 Earth Magic
 + Level 2.4 Evocations


You had 18 spell levels left.
You knew the following spells:

 Your Spells              Type           Power      Damage    Failure   Level
a - Shock                 Conj/Air       100%       1d9       1%          1
b - Static Discharge      Conj/Air       60%        3-11/arc  1%          2
c - Airstrike             Air            32%        2d(5-21)  1%          4
d - Searing Ray           Conj           100%       2d8       1%          2
e - Flame Wave            Conj/Fire      36%        2d10      1%          4
f - Lehudib's Crystal Sp  Conj/Erth      23%        10d6      98%         8

Your spell library contained the following spells:

 Spells                   Type           Power      Damage    Failure   Level
 Magic Dart               Conj           100%       1d8       1%          1
 Mephitic Cloud           Conj/Pois/Air  49%        N/A       1%          3
 Stone Arrow              Conj/Erth      92%        3d12      1%          3
 Swiftness                Air            65%        N/A       1%          3
 Call Imp                 Summ           14%        N/A       9%          2
 Animate Armour           Summ/Erth      50%        N/A       22%         4


Dungeon Overview and Level Annotations

Branches:
Dungeon (12/15) Zot: 855   Temple (1/1) D:5 Zot: 367 Gauntlet (1/1) Zot: 413
   Lair: D:8-11         Orc: D:9-12

Altars:
Ashenzari
Cheibriados
Dithmenos
Elyvilon
Fedhas
Gozag
Hepliaklqana
Kikubaaqudgha
Makhleb
Okawaru
Qazlal
Ru
Sif Muna
Trog
Vehumet
Wu Jian
Xom
Yredelemnul
Zin
The Shining One

Annotations:
D:4 2 transporters
D:8 2 transporters Gauntlet 8 transporters, 3 runed translucent doors, exclusions: lightning spire and orange crystal statue


Innate Abilities, Weirdness & Mutations

You passively map the area around you.
You are easily found by Zot.
You glow in the dark.
You regain HP and MP as you explore.
You have supernaturally acute eyesight. (SInv)
You are covered in fur. (AC +1)


Message History

The hellwing is heavily wounded.
The flame wave engulfs the hellwing but does no damage.
The hellwing is moderately wounded. (Press . to intensify the flame waves.)
The reaper hits you from afar with a +2 scythe of freezing!!
The reaper freezes you.
The hellwing is engulfed in a cloud of scalding steam.
The hellwing hits you!
* * * LOW HITPOINT WARNING * * *
The hellwing barely misses you. x2
The hellwing hits you but does no damage.
A wave of flame ripples out!
The flame wave engulfs the hellwing.
The hellwing is severely wounded.
The flame wave engulfs the hellwing but does no damage.
The hellwing is moderately wounded.
The flame wave engulfs the reaper but does no damage.
The reaper is lightly wounded.
The reaper completely misses you. The hellwing hits you.
* * * LOW HITPOINT WARNING * * *
The hellwing misses you. The hellwing hits you!
* * * LOW HITPOINT WARNING * * *
The hellwing closely misses you.
A wave of flame ripples out!
The flame wave engulfs the hellwing but does no damage.
The hellwing is severely wounded.
The flame wave engulfs the hellwing!
The hellwing is severely wounded.
The flame wave engulfs the reaper.
The reaper is lightly wounded.
The reaper closely misses you.
The hellwing is engulfed in a cloud of scalding steam.
The hellwing hits you but does no damage.
The hellwing completely misses you. The hellwing closely misses you.
The hellwing hits you.
* * * LOW HITPOINT WARNING * * *
Okay, then.
You feel better.
The reaper is engulfed in a cloud of scalding steam.
The reaper hits you from afar with a +2 scythe of freezing!!
You die...

.#..#.#..#..#..≈###§§.#..#.#* ,
.#..#.#..#..#..##≈##..#..#.# **,
.#.......#..#.........#..#.#.
,,,
.#########..#.........#..####*
**
.........#..###########..#...,,,
.#########..#..©.≈...(#..#### *
.#.......#..#≈§§§§§^≈≈#..#... ,
.###.###w#..#.§§4§2≈..#..#h#.
**,
.##...#..#..#..§@§§§≈[#..#... ,
©##.#©#.w#©©#.§§4^§..©#©©#..©
.#..#...w#..#§.§§§§^.)#..#.##,,
.#.###.#.#..#§..§..§.≈#..#8##
.#.......#..#^≈≈..≈≈≈.#..#... ,,
.#########..#..^≈≈....#..#### *
.........#..###########..#... ,
.#########..#.........#..####*
**
.#....#..#..#.........#..#...,,


You could see a reaper and 2 hellwings.

Vanquished Creatures
  Josephine (D:11)
  A hydra (D:11)
  A centaur warrior (D:11)
  A two-headed ogre (D:11)
  A tengu warrior (D:11)
  3 deep elf pyromancers
  A necromancer (Gauntlet)
  A cyclops (D:12)
  Maurice (D:12)
  A gargoyle (D:11)
  An efreet (D:11)
  A freezing wraith (D:11)
  2 kobold demonologists
  A troll (D:11)
  Sigmund (D:6)
  3 shadows
  Eustachio (D:4)
  18 yaks
  3 steam dragons
  6 wraiths
  Menkaure (D:7)
  A vampire mosquito (D:12)
  An acid dragon (D:11)
  3 water moccasins
  2 orc warriors
  A sky beast (D:6)
  A black bear (D:4)
  4 ice beasts
  6 wolves (Gauntlet)
  8 centaurs
  An ogre (D:5)
  A phantom (D:7)
  2 kobold brigands
  5 bullfrogs
  2 necrophages
  6 scorpions
  5 wights (D:7)
  9 killer bees
  2 howler monkeys
  A gnoll bouda (D:7)
  3 jellies
  3 orc priests
  4 hounds
  Terence (D:2)
  3 iguanas
  9 orc wizards
  4 gnolls (D:7)
  6 adders
  A shadow imp (Gauntlet)
  3 ufetubi
  4 worms
  A dart slug (D:2)
  36 orcs
  4 ball pythons
  2 bats
  4 endoplasms
  2 giant cockroaches
  6 goblins
  4 hobgoblins
  10 jackals
  2 quokkas (D:3)
  2 frilled lizards
  10 kobolds
  A rat (D:3)
236 creatures vanquished.

Notes
Turn   | Place    | Note
-------+----------+-------------------------------------------
     0 | D:1      | hawla the Meteoran Air Elementalist began the quest for the
                  | Orb.
     0 | D:1      | Reached XP level 1. HP: 14/14 MP: 5/5
   372 | D:1      | Reached XP level 2. HP: 20/20 MP: 4/6
   385 | D:1      | Reached skill level 4 in Air Magic
   386 | D:1      | Found a faded altar of an unknown god.
   458 | D:1      | Learned a level 2 spell: Static Discharge
   500 | D:1      | Glimpsed the power of Zot.
   775 | D:2      | Reached XP level 3. HP: 26/26 MP: 6/8
   812 | D:2      | Noticed Terence
   820 | D:2      | HP: 1/39 [/static electricity (1)]
   821 | D:2      | Killed Terence
   822 | D:2      | Reached XP level 4. HP: 2/34 MP: 2/9
  1100 | D:2      | Glimpsed the power of Zot.
  1334 | D:3      | Reached XP level 5. HP: 39/39 MP: 7/11
  1342 | D:3      | Reached skill level 5 in Air Magic
  1699 | D:3      | Glimpsed the power of Zot.
  1775 | D:4      | Reached XP level 6. HP: 41/46 MP: 9/13
  1898 | D:4      | Found a transporter.
  1942 | D:4      | Found a transporter.
  2020 | D:4      | Noticed a fire bat
  2069 | D:4      | Noticed a black bear
  2070 | D:4      | Noticed Eustachio
  2074 | D:4      | Killed a black bear
  2075 | D:4      | Reached XP level 7. HP: 40/51 MP: 6/14
  2078 | D:4      | Killed Eustachio
  2079 | D:4      | Reached skill level 5 in Spellcasting
  2079 | D:4      | Reached skill level 6 in Air Magic
  2084 | D:4      | Learned a level 4 spell: Airstrike
  2120 | D:4      | Reached skill level 5 in Conjurations
  2301 | D:4      | Glimpsed the power of Zot.
  2320 | D:5      | Entered Level 5 of the Dungeon
  2324 | D:5      | Found a staircase to the Ecumenical Temple.
  2336 | Temple   | Entered the Ecumenical Temple
  2559 | Temple   | Became a worshipper of Vehumet
  2686 | D:5      | Reached skill level 1 in Fighting
  2686 | D:5      | Reached XP level 8. HP: 55/59 MP: 9/17
  2807 | D:5      | Reached skill level 7 in Air Magic
  3028 | D:5      | Found a glowing silver altar of Zin.
  3029 | D:5      | Noticed an angel
  3133 | D:5      | Glimpsed the power of Zot.
  3151 | D:6      | Gained mutation: You occasionally lose the ability to drink
                  | potions when taking damage. [potion of mutation]
  3151 | D:6      | Gained mutation: Your muscles are strong. (Str +4, Int/Dex
                  | -1) [potion of mutation]
  3214 | D:6      | Noticed Sigmund
  3218 | D:6      | Killed Sigmund
  3218 | D:6      | Reached * piety under Vehumet
  3218 | D:6      | Offered knowledge of Foxfire by Vehumet.
  3219 | D:6      | Reached skill level 8 in Air Magic
  3219 | D:6      | Gained mutation: You passively map the area around you.
                  | [Meteoran growth]
  3219 | D:6      | Reached XP level 9. HP: 56/64 MP: 16/20
  3457 | D:6      | Reached skill level 9 in Air Magic
  3734 | D:6      | Glimpsed the power of Zot.
  3827 | D:7      | Identified the +0 chain mail of Wasted Space {rF+ rC+}
  3885 | D:7      | Reached ** piety under Vehumet
  3885 | D:7      | Offered knowledge of Searing Ray by Vehumet.
  3887 | D:7      | Noticed Menkaure
  3901 | D:7      | Killed Menkaure
  3902 | D:7      | Reached XP level 10. HP: 19/73 MP: 4/24
  3905 | D:7      | Learned a level 2 spell: Searing Ray
  4058 | D:7      | Reached skill level 10 in Air Magic
  4063 | D:7      | Identified the +0 ring mail of Card Tricks {rF- rN+ Dex+4
                  | Stlth+}
  4334 | D:7      | Glimpsed the power of Zot.
  4384 | D:7      | Glimpsed the power of Zot.
  4413 | D:8      | Offered knowledge of Dazzling Flash by Vehumet.
  4414 | D:8      | Reached skill level 10 in Spellcasting
  4466 | D:8      | Found a transporter.
  4481 | D:8      | Reached skill level 11 in Air Magic
  4483 | D:8      | Reached *** piety under Vehumet
  4494 | D:8      | Noticed a skeletal warrior
  4496 | D:8      | Noticed a manticore
  4499 | D:8      | Noticed a centaur warrior
  4499 | D:8      | Noticed a wizard
  4503 | D:8      | Found a stormy altar of Qazlal.
  4557 | D:8      | Found a transporter.
  4934 | D:8      | Glimpsed the power of Zot.
  4963 | D:9      | Noticed a kobold demonologist
  4971 | D:8      | Reached XP level 11. HP: 15/79 MP: 12/27
  5154 | D:8      | Offered knowledge of Fulminant Prism by Vehumet.
  5531 | D:8      | Glimpsed the power of Zot.
  5539 | D:9      | Reached skill level 12 in Air Magic
  5580 | D:9      | Glimpsed the power of Zot.
  5584 | D:10     | Entered Level 10 of the Dungeon
  5650 | D:10     | Reached skill level 5 in Dodging
  5656 | D:10     | Reached **** piety under Vehumet
  5670 | D:11     | Noticed a four-headed hydra
  5681 | D:11     | Killed a four-headed hydra
  5682 | D:11     | Offered knowledge of Flame Wave by Vehumet.
  5748 | D:11     | Noticed Josephine
  5751 | D:11     | Reached skill level 13 in Air Magic
  5758 | D:11     | Killed Josephine
  5759 | D:11     | Reached XP level 12. HP: 70/88 MP: 6/29
  5881 | D:11     | Noticed a centaur warrior
  5940 | D:11     | Noticed a tengu warrior
  5944 | D:11     | Lost mutation: You occasionally lose the ability to drink
                  | potions when taking damage. [potion of mutation]
  5944 | D:11     | Lost mutation: Your muscles are strong. (Str +4, Int/Dex
                  | -1) [potion of mutation]
  5944 | D:11     | Gained mutation: Potions are less effective at restoring
                  | your health. [potion of mutation]
  5945 | D:11     | Lost mutation: Potions are less effective at restoring your
                  | health. [potion of mutation]
  5945 | D:11     | Gained mutation: You have supernaturally acute eyesight.
                  | (SInv) [potion of mutation]
  5945 | D:11     | Gained mutation: You are covered in fur. (AC +1) [potion of
                  | mutation]
  5947 | D:11     | Noticed a two-headed ogre
  5950 | D:11     | Killed a two-headed ogre
  5961 | D:11     | Noticed a deep elf pyromancer
  5968 | D:11     | Killed a tengu warrior
  6062 | D:11     | Learned a level 4 spell: Flame Wave
  6096 | D:11     | Identified the ring "Gaplymuv" {Ice +Blink Will+ Dex+3
                  | Stlth-}
  6147 | D:11     | Killed a deep elf pyromancer
  6148 | D:11     | Reached skill level 14 in Air Magic
  6227 | D:11     | Killed a centaur warrior
  6228 | D:11     | Reached skill level 1 in Short Blades
  6284 | D:12     | Noticed Maurice
  6325 | D:12     | Killed Maurice
  6345 | D:12     | Noticed a deep elf pyromancer
  6349 | D:12     | Killed a deep elf pyromancer
  6359 | D:12     | Learned a level 8 spell: Lehudib's Crystal Spear
  6402 | D:12     | Noticed a deep elf pyromancer
  6449 | D:12     | Killed a deep elf pyromancer
  6533 | D:12     | Found a gate leading to a gauntlet.
  6552 | D:12     | Reached skill level 10 in Conjurations
  6552 | D:12     | Reached XP level 13. HP: 6/94 MP: 5/31
  6557 | Gauntlet | Entered a Gauntlet
  6557 | Gauntlet | Found a transporter.
  6557 | Gauntlet | Found a transporter.
  6574 | Gauntlet | Found a transporter.
  6592 | Gauntlet | Noticed a reaper
  6625 | Gauntlet | Found a runed translucent gate.
  6626 | Gauntlet | Found a transporter.
  6626 | Gauntlet | Found a runed translucent gate.
  6663 | Gauntlet | Reached skill level 5 in Earth Magic
  6678 | Gauntlet | Found a transporter.
  6678 | Gauntlet | Found a transporter.
  6688 | Gauntlet | Found a transporter.
  6689 | Gauntlet | Found a runed translucent gate.
  6734 | Gauntlet | Found a transporter.
  6735 | Gauntlet | Found a transporter.
  6735 | Gauntlet | Found a transporter.
  6737 | Gauntlet | Found a transporter.
  6743 | Gauntlet | Mangled by a reaper

Illustrated notes

Levels and vault maps discovered:
D:1:      eino_arrival_tree_alley, layout_basic, ebering_ecumenical_altar_webs,
          serial_aquarium, aquarium_bridge_square [aquarium_subvault_bridge,
          aquarium_subvault_wall, aquarium_subvault_bridge,
          aquarium_subvault_wall], aquarium_window_fake,
          aquarium_window_corridor_1, aquarium_view_2b, aquarium_view_2a,
          aquarium_balcony_5a
D:2:      layout_loops_ring, uniq_terence
D:3:      layout_loops_ring, minmay_crystal_water
D:4:      gammafunk_cloud_chamber, layout_rooms, kennysheep_diamond,
          kennysheep_dice, uniq_eustachio
D:5:      layout_loops_ring, zin_angel, minmay_temple_entry_glassed_door,
          nicolae_titane
D:6:      layout_basic, st_stairs_13, nrook_pool_corridor, uniq_sigmund
D:7:      layout_loops_cross, supply_closet_lemuel, hangedman_decor_slide_cut,
          uniq_menkaure
D:8:      layout_loops_ring, gammafunk_temple_overflow_arena
D:9:      layout_cross, old_standard_altar, serial_shops, shop
D:10:     layout_loops_ring, amcnicky_altar_gilded, david_lair_shrubbed
D:11:     layout_rooms, minmay_diamond_spiral, uniq_josephine
D:12:     wad_cavern_with_rooms, layout_gridville, orc_0_dummy,
          gauntlet_entry_generic, serial_shops, kennysheep_little_box,
          uniq_maurice
Temple:   mainiacjoe_temple_bowtie_tessellation
Gauntlet: gammafunk_gauntlet_mixed_choke_point
          [minmay_gauntlet_arena_77_chump_sandwich,
          minmay_gauntlet_arena_77_broken_ladder,
          minmay_gauntlet_arena_77_run_for_it,
          nicolae_gauntlet_arena_flowing_pool, minmay_gauntlet_arena_77_mirror,
          minmay_gauntlet_arena_77_block_sizes,
          minmay_gauntlet_arena_77_double_cross,
          nicolae_gauntlet_exit_dead_adventurers]

Skill      XL: |  1  2  3  4  5  6  7  8  9 10 11 12 13 |
---------------+----------------------------------------+-----
Air Magic      | 4 5 6 8 9 11 13 14 | 14.3
Spellcasting   | 3 4 5 7 9 11 12 13 | 13.8
Conjurations   | 2 3 4 5 6 7 8 9 10 | 10.3
Dodging        | 3 4 5 |  5.7
Fighting       | 1 2 3 |  3.0
Short Blades   | 1 |  1.1
Evocations     | 2 |  2.4
Necromancy     | 2 |  2.0
Earth Magic    | 4 5 |  5.0
Stealth        | |  1.4
Shields        | |  0.3

Action                   |  1- 3 |  4- 6 |  7- 9 | 10-12 | 13-15 || total
-------------------------+-------+-------+-------+-------+-------++-------
Melee: Unarmed           |    19 |       |       |       |       ||    19
       Short sword       |       |       |     1 |    30 |       ||    31
       Staff             |       |       |       |    19 |       ||    19
 Cast: Shock             |    40 |    60 |    38 |    28 |       ||   166
       Static Discharge  |     4 |    20 |    53 |   105 |     4 ||   186
       Airstrike         |       |       |    26 |    71 |     8 ||   105
       Searing Ray       |       |       |       |    11 |       ||    11
       Flame Wave        |       |       |       |       |     3 ||     3
Evoke: Wand              |       |       |       |     9 |       ||     9
  Use: Scroll            |     3 |       |     8 |    10 |       ||    21
       Potion            |     2 |       |     1 |     8 |     1 ||    12
 Stab: Paralysed         |       |       |       |    18 |       ||    18
Armor: Robe              |     7 |     8 |     5 |     8 |       ||    28
       Skin              |     2 |       |       |       |       ||     2
       Steam dragon scal |       |       |       |    51 |     7 ||    58
Dodge: Dodged            |    10 |     6 |    23 |   142 |    24 ||   205
Block: Buckler           |       |       |       |    21 |     5 ||    26
